 Dungeon Crawl Stone Soup version 0.31-a0-931-g7b59d4eb97 (webtiles) character file.

Game seed: 12332781782812497514

1733 mortress the Changeling (level 8, -2/68 HPs)
             Began as a Grey Draconian Shapeshifter on Oct 20, 2023.
             Was a Believer of Cheibriados.
             Killed from afar by a steam dragon (24 damage)
             ... with a ball of steam
             ... on level 7 of the Dungeon.
             The game lasted 00:22:28 (7330 turns).

mortress the Changeling (DrSh)                      Turns: 7330, Time: 00:22:29

Health: -2/68      AC: 11    Str: 24    XL:     8   Next: 76%
Magic:  11/11      EV: 13    Int: 14    God:    Cheibriados [**....]
Gold:   143        SH:  0    Dex: 14    Spells: 3/7 levels left

rFire   . .          .
                       - Unarmed
rCold   . . .        (no shield)
rNeg    . . .        (body armour unavailable)
rPois   .            (helmet currently unavailable)
rElec   .            (cloak currently unavailable)
rCorr   .            (gloves currently unavailable)
SInv    .            (boots currently unavailable)
Will    .....        (no amulet)
Stlth   +            (no ring)
HPRegen 0.31/turn    (no ring)
MPRegen 0.12/turn

%: no passive effects
@: beast-form, very slow
A: beast (slay +3), AC +11, amphibious, unfitting armour, cold-blooded
a: Begin Untransformation, Renounce Religion, Bend Time


You were on level 7 of the Dungeon.
You worshipped Cheibriados.
Cheibriados was pleased with you.
You were a hulking beast.
You visited 1 branch of the dungeon, and saw 7 of its levels.

You collected 323 gold pieces.
You spent 180 gold pieces at shops.

Inventory:

Missiles
 d - a throwing net (quivered)
 g - 6 atropa-tipped darts
Talismans
 b - a beast talisman (active)
 c - a flux talisman
Scrolls
 e - 12 scrolls of identify {unknown}
 i - 2 scrolls of teleportation {unknown}
 k - 2 scrolls of enchant weapon {unknown}
 l - a scroll of butterflies {unknown}
 m - a scroll of revelation {unknown}
 o - a scroll of poison {unknown}
 q - a scroll of fear {unknown}
 s - a scroll of enchant armour {unknown}
 v - a scroll of immolation {unknown}
 w - a scroll of amnesia {unknown}
 y - 2 scrolls of brand weapon {unknown}
Potions
 a - 2 potions of lignification
 f - 5 potions of curing
 h - a potion of might {unknown}
 j - 2 potions of mutation {unknown}
 n - 3 potions of heal wounds
 p - 2 potions of resistance {unknown}
 r - a potion of invisibility {unknown}
 t - 2 potions of cancellation {unknown}
 u - a potion of haste {unknown}
 x - 2 potions of attraction {unknown}
 z - a potion of degeneration {unknown}
 A - a potion of magic {unknown}


   Skills:
 + Level 5.1 Fighting
 + Level 4.5 Dodging
 + Level 5.4 Unarmed Combat
 + Level 0.0 Transmutations
 + Level 0.0 Earth Magic
 + Level 4.1 Invocations
 * Level 6.9 Shapeshifting


You had 3 spell levels left.
You knew the following spells:

 Your Spells              Type           Power      Damage    Failure   Level
a - Petrify               Tmut/Erth      0%         N/A       96%         4

Your spell library contained the following spells:

 Spells                   Type           Power      Damage    Failure   Level
 Freeze                   Ice            0%         1d3       28%         1
 Necrotise                Necr           0%         1d4       28%         1
 Ensorcelled Hibernation  Hex/Ice        0%         N/A       41%         2
 Passwall                 Tmut/Erth      0%         N/A       41%         2
 Frozen Ramparts          Ice            0%         1d1       65%         3
 Hailstorm                Conj/Ice       0%         3d3       65%         3
 Swiftness                Air            0%         N/A       65%         3
 Vampiric Draining        Necr           0%         2d6       65%         3
 Agony                    Necr           0%         N/A       100%        5
 Metabolic Englaciation   Hex/Ice        0%         N/A       100%        5


Dungeon Overview and Level Annotations

Branches:
Dungeon (7/15)             Temple (0/1) D:6

Altars:
Cheibriados
Fedhas
Hepliaklqana
Kikubaaqudgha
Nemelex Xobeh
Okawaru
Trog
Wu Jian
The Shining One

Shops:
D:4 !

Annotations:
D:3 2 runed translucent doors, Sundig's ghost, amateur DgFi
D:6 Pikel
D:7 Joseph


Innate Abilities, Weirdness & Mutations

You are a hulking beast.
Your limbs bulge with bestial killing power. (Slay +3)
Your dull iron-grey scales are very hard. (AC +11)
You are amphibious.
You cannot fit into any form of body armour.
You are cold-blooded and may be slowed by cold attacks.


Message History

Unknown command.
This spell is extremely dangerous to cast!
You start memorising the spell.
You continue memorising. x4
You finish memorising.
Spell assigned to 'a'.
The steam dragon hisses angrily.
The steam dragon breathes steam at you. The ball of steam hits you!
You see here a +0 great sword.
You are engulfed in a cloud of scalding steam.
The gnoll bouda shouts!
You hear an angry buzzing noise.
You are engulfed in a cloud of scalding steam.
The steam dragon breathes steam at you. The ball of steam hits you!
You hear a howl!
The steam dragon attacks as it pursues you!
The steam dragon bites you. The steam dragon closely misses you.
You punch the steam dragon!
The steam dragon is heavily wounded.
The steam dragon bites you. The steam dragon claws you.
You closely miss the steam dragon. You tail-slap the steam dragon.
Your punch misses the steam dragon.
The steam dragon is severely wounded.
The gnoll bouda misses you. The steam dragon bites you.
The steam dragon claws you.
You hit the steam dragon.
The steam dragon is severely wounded.
The steam dragon breathes steam at you. The ball of steam misses you.
The gnoll bouda misses you.
You hear a shout!
You hear an angry buzzing noise.
You hit the steam dragon.
The steam dragon is severely wounded.
You are engulfed in a cloud of scalding steam.
The steam dragon barely misses you. The steam dragon claws you.
The gnoll bouda hits you but does no damage.
The gnoll bouda misses you. The steam dragon misses you. x2
You punch the steam dragon!
The steam dragon is almost dead.
The steam dragon breathes steam at you. The ball of steam hits you!!
You die...

#.............. #.............
#............ #.....D..... ..
###...§§...## #. #.....§......
#. #..)..####### #.#
#.....D§§.§# ##### #.#
#######.....gh§§.# #...# #.#
###...#.....>......#####...#.#.#
#............g######.......#.#..
#................. +.........#..
#............##### #.......###..
#............# #............
#............# #.....##...#.
#.#...#......# ##....##...#.
#.#...####'### #....##...#.


You could see a steam dragon (catching breath), a gnoll bouda and a gnoll.

Vanquished Creatures
  Sigmund (D:6)
  A steam dragon (D:7)
  A black bear (D:6)
  2 ice beasts
  An ogre (D:6)
  A phantom (D:6)
  A centaur (D:6)
  A gnoll sergeant (D:6)
  3 scorpions
  2 howler monkeys (D:6)
  A hound (D:5)
  A jelly (D:6)
  An orc priest (D:5)
  2 sleepcaps
  5 iguanas
  3 orc wizards
  6 adders
  7 gnolls (D:6)
  A shadow imp (D:7)
  A white imp (D:7)
  4 ufetubi
  2 worms
  6 dart slugs
  10 orcs
  9 endoplasms
  A giant cockroach (D:2)
  9 goblins
  10 hobgoblins
  4 quokkas
  6 ball pythons
  8 bats
  4 frilled lizards
  7 kobolds
  12 rats
134 creatures vanquished.

Vanquished Creatures (others)
  A gnoll (D:7)
1 creature vanquished.

Grand Total: 135 creatures vanquished

Notes
Turn   | Place    | Note
-------+----------+-------------------------------------------
     0 | D:1      | mortress the Draconian Shapeshifter began the quest for the
                  | Orb.
     0 | D:1      | Reached XP level 1. HP: 16/16 MP: 1/1
   173 | D:1      | Reached XP level 2. HP: 23/23 MP: 2/2
   549 | D:1      | Reached XP level 3. HP: 28/29 MP: 3/3
  1521 | D:2      | Reached XP level 4. HP: 36/36 MP: 4/4
  2112 | D:3      | Found a bloodstained altar of Trog.
  2174 | D:3      | Noticed a bullfrog
  2176 | D:3      | Noticed Sundig's ghost (amateur DgFi)
  2183 | D:3      | Found a runed translucent door.
  2208 | D:3      | Found a runed translucent door.
  2480 | D:4      | Found a snail-covered altar of Cheibriados.
  2484 | D:4      | Noticed a scorpion
  2747 | D:4      | Became a worshipper of Cheibriados the Contemplative
  2770 | D:4      | Reached skill level 4 in Shapeshifting
  2862 | D:4      | Noticed a scorpion
  2902 | D:4      | Noticed a scorpion
  2904 | D:4      | Found Ziujior's Distillery.
  2944 | D:4      | Killed a scorpion
  2945 | D:4      | Reached XP level 5. HP: 25/42 MP: 5/5
  3293 | D:4      | Reached skill level 1 in Invocations
  3616 | D:4      | Reached XP level 6. HP: 32/51 MP: 5/7
  3773 | D:4      | Bought a potion of heal wounds for 50 gold pieces
  3773 | D:4      | Bought a potion of heal wounds for 50 gold pieces
  3773 | D:4      | Bought a potion of heal wounds for 50 gold pieces
  3773 | D:4      | Bought a potion of curing for 30 gold pieces
  3897 | D:5      | Entered Level 5 of the Dungeon
  3943 | D:5      | Reached * piety under Cheibriados
  4140 | D:5      | Reached skill level 5 in Shapeshifting
  4237 | D:5      | Found a blossoming altar of Fedhas.
  4287 | D:5      | Found an ancient bone altar of Kikubaaqudgha.
  4470 | D:5      | Noticed an ice beast
  4482 | D:5      | Killed an ice beast
  4483 | D:5      | Your scales start taking on a dull iron-grey colour.
  4483 | D:5      | Reached XP level 7. HP: 57/57 MP: 8/8
  4764 | D:5      | Found a hazy altar of Hepliaklqana.
  4946 | D:5      | Found a sparkling altar of Nemelex Xobeh.
  5190 | D:5      | Found a glowing golden altar of the Shining One.
  5298 | D:6      | Found an iron altar of Okawaru.
  5539 | D:6      | Found a staircase to the Ecumenical Temple.
  5547 | D:6      | Found an ornate altar of the Wu Jian Council.
  5721 | D:6      | Reached XP level 8. HP: 36/66 MP: 10/10
  5733 | D:6      | Reached skill level 6 in Shapeshifting
  5959 | D:6      | Reached ** piety under Cheibriados
  6065 | D:6      | Noticed Sigmund
  6086 | D:6      | Reached skill level 5 in Unarmed Combat
  6095 | D:6      | Killed Sigmund
  6266 | D:6      | Noticed Pikel
  6401 | D:6      | Found a staircase to the Ecumenical Temple.
  6541 | D:6      | Found an iron altar of Okawaru.
  6770 | D:6      | Found an ornate altar of the Wu Jian Council.
  7027 | D:7      | Reached skill level 5 in Fighting
  7039 | D:7      | Noticed Joseph
  7311 | D:7      | Learned a level 4 spell: Petrify
  7330 | D:7      | Killed from afar by a steam dragon

Illustrated notes

Levels and vault maps discovered:
D:1:      minmay_arrival_loop, layout_basic, minmay_surrounded
D:2:      layout_loops_ring, corexii_shack, minmay_pentomino_p4
D:3:      layout_rooms, nicolae_overflow_crystal_walls, ebering_ghost_sewer_f,
          minmay_curled_crystal, minmay_misc_feat_cross, eino_tiny_chamber,
          chequers_serial_rivers_micro_c, corexii_item_surrounded_by_moat,
          uniq_grinder
D:4:      layout_basic, kennysheep_slug_shrine, serial_shops,
          nicolae_shop_peninsula
D:5:      layout_loops_ring, nemelex_diamond_rough_becter,
          nicolae_tso_carved_into_rock, lemuel_tele_altar, fedhas_altar_4,
          nicolae_kikubaaqudgha_miasma_corner
D:6:      layout_loops_ring, mainiacjoe_overflow_alcove_1,
          mainiacjoe_overflow_concentric_impassable,
          minmay_temple_entry_from_below_b, uniq_sigmund, uniq_pikel
D:7:      layout_basic, nicolae_qazlal_beasts_of_the_sky, uniq_joseph

Skill      XL: |  1  2  3  4  5  6  7  8 |
---------------+-------------------------+-----
Dodging        | 2 3 4 |  4.5
Fighting       | 2 3 4 5 |  5.1
Shapeshifting  | 4 5 6 |  6.9
Invocations    | 1 2 3 4 |  4.1
Unarmed Combat | 4 5 |  5.4

Action                     |  1- 3 |  4- 6 |  7- 9 || total
---------------------------+-------+-------+-------++-------
  Melee: Unarmed           |   109 |   164 |   169 ||   442
         Tailslap          |    14 |    21 |    22 ||    57
         Punch             |     4 |       |     2 ||     6
  Throw: Throwing net      |       |       |     1 ||     1
 Invoke: Bend Time         |       |       |     2 ||     2
    Use: Potion            |       |       |     1 ||     1
   Stab: Sleeping          |       |     1 |     1 ||     2
 Armour: Skin              |    53 |   131 |   142 ||   326
  Dodge: Dodged            |    66 |   129 |   105 ||   300

Table legend: (Time is in decaauts)
 A = Elapsed time spent in this place.
 B = Non-inter-level travel time spent in this place.
 C = Inter-level travel time spent in this place.
 D = Time resting spent in this place.
 E = Time spent auto-exploring this place.
 F = Levels seen in this place.
 G = Mean time per level.
                   A        B        C        D        E       F      G
               +--------+--------+--------+--------+--------+-----+--------+
         Total |   8569 |   7931 |    638 |    272 |   5904 |   7 | 1224.1 |
       Dungeon |   8569 |   7931 |    638 |    272 |   5904 |   7 | 1224.1 |
               +--------+--------+--------+--------+--------+-----+--------+

Top non-repeatable levels by time:
     D:6: 2385 daAuts
     D:4: 1560 daAuts
     D:5: 1499 daAuts
     D:2: 1095 daAuts
     D:1: 977 daAuts
     D:3: 647 daAuts
     D:7: 404 daAuts
